2909 views
Uploaded 2020-03-06 21:58:18
Game version 1.32.2
31:03 long 1on1 ladder game on (3)NomadIsles
Saved by BEARAND
2909 views
Uploaded 2020-03-06 21:58:18
Game version 1.32.2
31:03 long 1on1 ladder game on (3)NomadIsles

59 units @ 7.1k
/ 0.9k
25 buildings @ 5.1k
/ 2.7k


| Orb of Venom | 2 | 650 |
| Staff of Preservation | 1 | 150 |
| Scroll of Town Portal | 1 | 350 |
| Potion of Lesser Invulnerability | 2 | 300 |
| total: | 6 | 1450g |
| Wisp | 35 | 2100 | / | 0 |
| Archer | 4 | 520 | / | 40 |
| Huntress | 6 | 1170 | / | 120 |
| Chimaera | 4 | 1320 | / | 280 |
| Hippogryph | 6 | 960 | / | 120 |
| Glaive Thrower | 3 | 630 | / | 195 |
| Goblin Shredder | 1 | 375 | / | 100 |
| total: | 59 | 7075g | / | 855w |
| Moon Well | 6 | 1080 | / | 240 |
| Ancient of War | 5 | 750 | / | 300 |
| Altar of Elders | 1 | 180 | / | 50 |
| Hunter's Hall | 1 | 210 | / | 100 |
| Tree of Life | 6 | 2040 | / | 1110 |
| Ancient of Wonders | 1 | 90 | / | 30 |
| Ancient of Wind | 2 | 300 | / | 280 |
| Chimaera Roost | 3 | 420 | / | 570 |
| Tree of Ages | 1 | 320 | / | 180 |
| Tree of Eternity | 1 | 330 | / | 200 |
| total: | 25 | 5070g | / | 2680w |
| 0:02 | Wisp |
| 0:03 | Wisp |
| 0:11 | Moon Well |
| 0:14 | Wisp |
| 0:18 | Ancient of War |
| 0:29 | Wisp |
| 0:47 | Altar of Elders |
| 0:51 | Wisp |
| 0:54 | Wisp |
| 1:12 | Wisp |
| 1:20 | Archer |
| 1:25 | Wisp |
| 1:39 | Wisp |
| 1:43 | Archer |
| 1:55 | Moon Well |
| 2:11 | Wisp |
| 2:15 | Hunter's Hall |
| 2:23 | Wisp |
| 2:29 | Archer |
| 2:44 | Ancient of War |
| 2:55 | Ancient of War |
| 3:00 | Archer |
| 3:14 | Cleaving Attack |
| 3:21 | Moon Well |
| 3:39 | Huntress |
| 4:03 | Huntress |
| 4:07 | Howl of Terror |
| 4:15 | Huntress |
| 4:44 | Tree of Ages |
| 5:19 | Huntress |
| 5:29 | Huntress |
| 6:05 | Tree of Life |
| 6:46 | Huntress |
| 6:51 | Moon Well |
| 7:32 | Tree of Eternity |
| 7:36 | Ancient of Wind |
| 7:46 | Cleaving Attack |
| 7:51 | Ancient of Wonders |
| 8:23 | Wisp |
| 8:23 | Wisp |
| 8:23 | Wisp |
| 8:24 | Wisp |
| 9:00 | Wisp |
| 9:01 | Wisp |
| 9:33 | Goblin Shredder |
| 10:00 | Nature's Blessing |
| 10:04 | Howl of Terror |
| 10:16 | Chimaera Roost |
| 10:25 | Chimaera Roost |
| 10:39 | Entangling Roots |
| 10:53 | Chimaera Roost |
| 11:41 | Ultravision |
| 11:43 | Corrosive Breath |
| 12:25 | Strength of the Wild |
| 12:30 | Moon Well |
| 12:33 | Moon Well |
| 12:46 | Chimaera |
| 13:34 | Reinforced Hides |
| 13:35 | Improved Strength of the Wild |
| 13:47 | Sentinel |
| 13:49 | Chimaera |
| 14:40 | Chimaera |
| 14:48 | Improved Reinforced Hides |
| 16:03 | Advanced Strength of the Wild |
| 18:24 | Moon Armor |
| 18:26 | Advanced Reinforced Hides |
| 18:28 | Chimaera |
| 18:45 | Cleaving Attack |
| 19:57 | Ancient of Wind |
| 20:04 | Orb of Venom |
| 20:05 | Staff of Preservation |
| 20:58 | Force of Nature |
| 21:28 | Tree of Life |
| 21:42 | Hippogryph |
| 21:42 | Hippogryph |
| 22:29 | Potion of Lesser Invulnerability |
| 22:38 | Hippogryph |
| 23:32 | Wisp |
| 23:33 | Wisp |
| 23:33 | Wisp |
| 23:56 | Tree of Life |
| 23:59 | Wisp |
| 24:02 | Wisp |
| 24:20 | Tree of Life |
| 25:12 | Ancient of War |
| 25:14 | Vorpal Blades |
| 25:34 | Tree of Life |
| 25:40 | Potion of Lesser Invulnerability |
| 26:07 | Wisp |
| 26:11 | Tree of Life |
| 26:18 | Wisp |
| 26:18 | Wisp |
| 26:18 | Wisp |
| 26:18 | Wisp |
| 26:36 | Wisp |
| 26:36 | Wisp |
| 27:17 | Entangling Roots |
| 27:59 | Glaive Thrower |
| 28:13 | Ancient of War |
| 28:34 | Wisp |
| 28:34 | Wisp |
| 28:34 | Wisp |
| 28:34 | Wisp |
| 28:40 | Glaive Thrower |
| 28:43 | Strength of the Moon |
| 28:59 | Scroll of Town Portal |
| 29:02 | Glaive Thrower |
| 29:06 | Wisp |
| 29:06 | Wisp |
| 29:30 | Orb of Venom |
| 29:36 | Hippogryph |
| 29:36 | Hippogryph |
| 29:36 | Hippogryph |
| Right click | 1904 |
| Select group | 762 |
| Select | 574 |
| Misc. action | 233 |
| Assign group | 151 |
| Build/train/purchase | 113 |
| Use ability | 56 |
| Remove unit | 6 |
| Minimap ping | 4 |
| Item give/drop | 2 |
31 units @ 3.8k
/ 0.4k
138 buildings @ 8.1k
/ 4.7k



| Scroll of Regeneration | 3 | 300 |
| Potion of Healing | 4 | 600 |
| Lesser Clarity Potion | 2 | 140 |
| Staff of Sanctuary | 3 | 750 |
| Orb of Fire | 2 | 650 |
| Potion of Mana | 1 | 200 |
| Boots of Speed | 3 | 750 |
| Staff of Teleportation | 3 | 450 |
| total: | 21 | 3840g |
| Peasant | 20 | 1500 | / | 0 |
| Priest | 1 | 135 | / | 10 |
| Sorceress | 1 | 155 | / | 20 |
| Dragonhawk Rider | 8 | 1600 | / | 240 |
| Goblin Shredder | 1 | 375 | / | 100 |
| total: | 31 | 3765g | / | 370w |
| Scout Tower | 110 | 3300 | / | 2200 |
| Arcane Tower | 9 | 630 | / | 450 |
| Guard Tower | 48 | 3360 | / | 2400 |
| Altar of Kings | 1 | 180 | / | 50 |
| Farm | 10 | 800 | / | 200 |
| Lumber Mill | 1 | 120 | / | 0 |
| Town Hall | 6 | 2310 | / | 1230 |
| Arcane Vault | 2 | 260 | / | 60 |
| Blacksmith | 2 | 280 | / | 120 |
| Barracks | 1 | 160 | / | 60 |
| Arcane Sanctum | 1 | 150 | / | 140 |
| Gryphon Aviary | 4 | 560 | / | 600 |
| Keep | 1 | 320 | / | 210 |
| Castle | 1 | 360 | / | 210 |
| total: | 138 | 8120g | / | 4660w |
| 0:02 | Peasant |
| 0:02 | Peasant |
| 0:07 | Altar of Kings |
| 0:14 | Peasant |
| 0:18 | Farm |
| 0:22 | Scout Tower |
| 0:25 | Peasant |
| 0:32 | Lumber Mill |
| 0:38 | Peasant |
| 0:58 | Peasant |
| 1:13 | Peasant |
| 1:17 | Scout Tower |
| 1:20 | Farm |
| 1:22 | Peasant |
| 1:28 | Peasant |
| 1:35 | Peasant |
| 1:36 | Arcane Tower |
| 1:41 | Peasant |
| 1:41 | Peasant |
| 1:41 | Peasant |
| 2:03 | Guard Tower |
| 2:05 | Peasant |
| 2:05 | Peasant |
| 2:06 | Blizzard |
| 2:34 | Peasant |
| 3:02 | Brilliance Aura |
| 3:15 | Town Hall |
| 3:28 | Scout Tower |
| 3:29 | Scout Tower |
| 3:29 | Scout Tower |
| 3:41 | Scout Tower |
| 3:56 | Boots of Speed |
| 3:56 | Staff of Teleportation |
| 4:01 | Arcane Tower |
| 4:19 | Guard Tower |
| 4:21 | Scout Tower |
| 4:24 | Guard Tower |
| 4:25 | Scout Tower |
| 4:26 | Scout Tower |
| 4:40 | Scout Tower |
| 4:41 | Scout Tower |
| 5:25 | Guard Tower |
| 5:25 | Peasant |
| 5:26 | Peasant |
| 5:28 | Guard Tower |
| 5:28 | Keep |
| 5:30 | Guard Tower |
| 5:39 | Peasant |
| 5:49 | Arcane Vault |
| 5:51 | Guard Tower |
| 5:52 | Scout Tower |
| 6:00 | Improved Masonry |
| 6:08 | Scout Tower |
| 6:08 | Guard Tower |
| 6:10 | Scout Tower |
| 6:23 | Guard Tower |
| 6:24 | Farm |
| 6:25 | Farm |
| 6:28 | Scout Tower |
| 6:28 | Scout Tower |
| 6:29 | Scout Tower |
| 6:43 | Scroll of Regeneration |
| 6:48 | Guard Tower |
| 7:23 | Guard Tower |
| 7:24 | Guard Tower |
| 7:26 | Guard Tower |
| 7:27 | Scout Tower |
| 7:28 | Scout Tower |
| 7:28 | Scout Tower |
| 7:29 | Scout Tower |
| 7:29 | Scout Tower |
| 7:30 | Scout Tower |
| 7:50 | Blizzard |
| 7:55 | Guard Tower |
| 8:13 | Guard Tower |
| 8:18 | Arcane Sanctum |
| 8:27 | Improved Lumber Harvesting |
| 8:36 | Guard Tower |
| 8:56 | Storm Bolt |
| 9:26 | Goblin Shredder |
| 9:30 | Scout Tower |
| 9:30 | Scout Tower |
| 9:31 | Scout Tower |
| 9:32 | Scout Tower |
| 9:33 | Scout Tower |
| 9:34 | Scout Tower |
| 9:57 | Guard Tower |
| 10:01 | Arcane Vault |
| 10:15 | Potion of Healing |
| 10:15 | Potion of Healing |
| 10:23 | Scroll of Regeneration |
| 10:32 | Castle |
| 10:34 | Arcane Tower |
| 10:34 | Guard Tower |
| 10:39 | Scout Tower |
| 10:40 | Scout Tower |
| 10:40 | Scout Tower |
| 10:41 | Scout Tower |
| 10:42 | Scout Tower |
| 10:42 | Scout Tower |
| 10:42 | Scout Tower |
| 10:43 | Scout Tower |
| 11:06 | Bash |
| 11:38 | Guard Tower |
| 11:38 | Magic Sentry |
| 11:39 | Priest |
| 12:05 | Scroll of Regeneration |
| 12:07 | Lesser Clarity Potion |
| 12:09 | Lesser Clarity Potion |
| 12:11 | Farm |
| 12:12 | Farm |
| 12:13 | Advanced Masonry |
| 12:21 | Farm |
| 12:24 | Potion of Healing |
| 12:24 | Potion of Healing |
| 12:30 | Guard Tower |
| 12:32 | Scout Tower |
| 12:32 | Scout Tower |
| 12:33 | Scout Tower |
| 12:33 | Scout Tower |
| 12:34 | Scout Tower |
| 12:34 | Scout Tower |
| 12:35 | Scout Tower |
| 12:35 | Scout Tower |
| 12:41 | Arcane Tower |
| 12:42 | Arcane Tower |
| 12:42 | Guard Tower |
| 13:02 | Guard Tower |
| 13:27 | Town Hall |
| 13:44 | Guard Tower |
| 13:48 | Gryphon Aviary |
| 13:49 | Blacksmith |
| 13:51 | Barracks |
| 13:58 | Staff of Sanctuary |
| 13:58 | Orb of Fire |
| 14:06 | Holy Light |
| 14:09 | Staff of Sanctuary |
| 14:09 | Orb of Fire |
| 14:50 | Guard Tower |
| 14:53 | Town Hall |
| 14:56 | Scout Tower |
| 14:56 | Scout Tower |
| 14:57 | Scout Tower |
| 14:57 | Scout Tower |
| 14:58 | Scout Tower |
| 14:58 | Scout Tower |
| 14:59 | Scout Tower |
| 14:59 | Scout Tower |
| 15:00 | Scout Tower |
| 15:00 | Scout Tower |
| 15:00 | Scout Tower |
| 15:01 | Scout Tower |
| 15:01 | Scout Tower |
| 15:02 | Scout Tower |
| 15:02 | Scout Tower |
| 15:03 | Scout Tower |
| 15:52 | Brilliance Aura |
| 15:55 | Storm Bolt |
| 16:04 | Guard Tower |
| 16:06 | Guard Tower |
| 16:12 | Boots of Speed |
| 16:15 | Staff of Teleportation |
| 16:15 | Boots of Speed |
| 16:23 | Priest Adept Training |
| 16:23 | Sorceress Adept Training |
| 16:23 | Sorceress |
| 16:54 | Divine Shield |
| 17:01 | Gryphon Aviary |
| 17:01 | Gryphon Aviary |
| 17:02 | Gryphon Aviary |
| 17:10 | Dragonhawk Rider |
| 18:16 | Dragonhawk Rider |
| 18:18 | Farm |
| 18:23 | Imbued Masonry |
| 18:40 | Staff of Sanctuary |
| 18:42 | Potion of Mana |
| 18:46 | Farm |
| 18:49 | Farm |
| 18:55 | Dragonhawk Rider |
| 19:03 | Dragonhawk Rider |
| 19:21 | Dragonhawk Rider |
| 19:31 | Dragonhawk Rider |
| 19:59 | Holy Light |
| 20:03 | Scout Tower |
| 20:03 | Scout Tower |
| 20:04 | Scout Tower |
| 20:04 | Scout Tower |
| 20:04 | Scout Tower |
| 20:05 | Scout Tower |
| 20:17 | Town Hall |
| 20:19 | Guard Tower |
| 20:47 | Guard Tower |
| 20:56 | Blacksmith |
| 21:04 | Guard Tower |
| 21:07 | Guard Tower |
| 21:33 | Guard Tower |
| 21:54 | Bash |
| 22:04 | Staff of Teleportation |
| 22:23 | Guard Tower |
| 22:25 | Scout Tower |
| 22:26 | Scout Tower |
| 22:27 | Animal War Training |
| 23:02 | Scout Tower |
| 23:02 | Scout Tower |
| 23:03 | Scout Tower |
| 23:04 | Scout Tower |
| 23:07 | Iron Forged Swords |
| 23:08 | Studded Leather Armor |
| 23:09 | Scout Tower |
| 23:10 | Scout Tower |
| 23:10 | Scout Tower |
| 23:12 | Peasant |
| 23:25 | Guard Tower |
| 23:28 | Scout Tower |
| 23:29 | Scout Tower |
| 23:29 | Scout Tower |
| 23:29 | Scout Tower |
| 23:30 | Scout Tower |
| 23:30 | Scout Tower |
| 23:31 | Scout Tower |
| 23:31 | Scout Tower |
| 23:31 | Scout Tower |
| 23:31 | Scout Tower |
| 23:32 | Scout Tower |
| 23:58 | Guard Tower |
| 24:02 | Arcane Tower |
| 24:03 | Arcane Tower |
| 24:05 | Arcane Tower |
| 24:08 | Arcane Tower |
| 24:08 | Guard Tower |
| 24:11 | Cloud |
| 24:12 | Storm Hammers |
| 24:24 | Guard Tower |
| 24:47 | Guard Tower |
| 25:16 | Guard Tower |
| 25:19 | Scout Tower |
| 25:19 | Scout Tower |
| 25:19 | Scout Tower |
| 25:20 | Scout Tower |
| 25:20 | Scout Tower |
| 25:21 | Scout Tower |
| 25:21 | Scout Tower |
| 25:21 | Scout Tower |
| 25:21 | Scout Tower |
| 25:22 | Scout Tower |
| 25:22 | Scout Tower |
| 26:14 | Guard Tower |
| 26:17 | Town Hall |
| 26:21 | Scout Tower |
| 26:23 | Scout Tower |
| 26:23 | Scout Tower |
| 26:23 | Scout Tower |
| 26:24 | Scout Tower |
| 26:24 | Scout Tower |
| 26:25 | Scout Tower |
| 26:25 | Scout Tower |
| 26:25 | Scout Tower |
| 26:25 | Scout Tower |
| 26:26 | Scout Tower |
| 26:26 | Scout Tower |
| 26:36 | Guard Tower |
| 26:48 | Guard Tower |
| 27:26 | Dragonhawk Rider |
| 27:28 | Guard Tower |
| 27:50 | Dragonhawk Rider |
| 27:54 | Guard Tower |
| 28:49 | Guard Tower |
| 28:52 | Steel Forged Swords |
| 28:52 | Reinforced Leather Armor |
| 29:21 | Guard Tower |
| 29:25 | Town Hall |
| 30:02 | Guard Tower |
| 30:50 | Blizzard |
| Right click | 2931 |
| Select | 1020 |
| Select group | 558 |
| Build/train/purchase | 241 |
| Use ability | 136 |
| Misc. action | 43 |
| Chat | 28 |
| Assign group | 24 |
| Item give/drop | 12 |
| Remove unit | 4 |
โ